 Dungeon Crawl Stone Soup version 0.18.1-2-ga659475 (webtiles) character file.

137 haellsigh the Skirmisher (level 5, 0/47 HPs)
             Began as a Hill Orc Fighter on May 8, 2016.
             Slain by an adder (4 damage)
             ... on level 3 of the Dungeon.
             The game lasted 00:13:00 (2185 turns).

haellsigh the Skirmisher (Hill Orc Fighter)         Turns: 2185, Time: 00:13:03

Health: 0/47       AC:  7    Str: 20    XL:     5   Next: 20%
Magic:  5/5        EV:  7    Int:  8    God:
Gold:   62         SH:  9    Dex: 10    Spells: 0 memorised, 4 levels left

rFire  . . .     SeeInvis .     t - +0 flail
rCold  . . .     Gourm    .     b - +0 scale mail
rNeg   . . .     Faith    .     c - +0 shield
rPois  .         Spirit   .     (no helmet)
rElec  .         Dismiss  .     (no cloak)
rCorr  .         Reflect  .     (no gloves)
SustAt .         Harm     .     (no boots)
MR     .....                    F - amulet of inaccuracy
Stlth  +.........               (no ring)
                                y - ring of stealth

@: lethally poisoned (0 -> -3), not resistant to hostile enchantments, very
unstealthy
A: no striking features
a: no special abilities


You were on level 3 of the Dungeon.
You were hungry.

You visited 1 branch of the dungeon, and saw 3 of its levels.

You collected 62 gold pieces.

Inventory:

Hand Weapons
 a - a +0 war axe
 e - a +0 short sword
 l - a +0 mace
 m - a +0 whip
 t - a +0 flail (weapon)
 w - a +0 war axe
 A - a +2 whip of venom
 B - a +0 mace
 E - a +0 dire flail
 G - a +0 dagger
Missiles
 j - 14 arrows
 u - 34 sling bullets
 v - 10 stones (quivered)
Armour
 b - a +0 scale mail (worn)
 c - a +0 shield (worn)
 k - a +0 buckler
 z - a +0 scale mail
 D - a +0 leather armour
Jewellery
 y - a ring of stealth (left hand)
 F - an amulet of inaccuracy (around neck)
Scrolls
 g - a scroll of fear
 n - 2 scrolls of blinking
 q - a scroll of teleportation
 r - a scroll of magic mapping
 x - 2 scrolls of identify
 I - a scroll of amnesia {unknown}
Potions
 d - a potion of might
 h - a potion of resistance {unknown}
 i - a potion of ambrosia {unknown}
 o - a potion of curing {unknown}
 p - a potion of heal wounds {unknown}
 s - a potion of flight {unknown}
Comestibles
 f - 5 bread rations
 H - a beef jerky


   Skills:
 + Level 4.4 Fighting
 + Level 3.7(3.8) Axes
 + Level 0.4(2.0) Maces & Flails
 + Level 4.1 Armour
 + Level 1.1 Dodging
 + Level 4.1 Shields


You had 4 spell levels left.
You didn't know any spells.

Dungeon Overview and Level Annotations

Branches:
Dungeon (3/15)

Altars:
Qazlal
Xom
The Shining One


Message History

You feel sick. The bat hits you.
* * * LOW HITPOINT WARNING * * *
You block the adder's attack. The adder bites you but does no damage.
You completely miss the adder.
The adder is almost dead.
You feel sick. The bat hits you but does no damage.
The adder bites you but does no damage.
You closely miss the adder.
The adder is almost dead.
You feel sick. The bat hits you but does no damage. You block the bat's attack.
The adder bites you.
* * * LOW HITPOINT WARNING * * *
The bat barely misses you. The adder barely misses you.
You miss the adder.
The adder is almost dead.
You feel sick. You block the bat's attack.
The adder bites you but does no damage. The bat hits you.
* * * LOW HITPOINT WARNING * * *
The adder bites you.
You die...

############ #########
#........... .....(..#
#.########## ........# #.#
#......#####.####### #.
##.###b@S...........#
#.##!..###.#####.##....####
#.#.!...#.).## #.##..#..§§§
##............#
#.##....####
#........#....# #....#.## #
#...#...###.#.# #.## #.#
#...##<# #.#[# #.# #†# ###
#.†...# #.#.# .# #.#
...#..#### ........# #÷#


You could see an adder and a bat.

Vanquished Creatures
  4 gnolls (D:2)
  4 adders
  7 worms
  A dart slug (D:3)
  4 bats
  4 goblins
  5 hobgoblins
  3 jackals (D:1)
  7 kobolds
  A giant newt (D:1)
  6 rats
  5 plants (D:2)
51 creatures vanquished.

Notes
Turn   | Place    | Note
--------------------------------------------------------------
     0 | D:1      | haellsigh the Hill Orc Fighter began the quest for the Orb.
     0 | D:1      | Reached XP level 1. HP: 19/19 MP: 1/1
   157 | D:1      | Reached XP level 2. HP: 22/27 MP: 2/2
   777 | D:2      | Reached XP level 3. HP: 30/33 MP: 3/3
   950 | D:2      | Reached XP level 4. HP: 22/40 MP: 4/4
  1076 | D:2      | Found a stormy altar of Qazlal.
  1443 | D:2      | Found a glowing golden altar of the Shining One.
  1480 | D:2      | Found a faded altar to an unknown god.
  1798 | D:3      | Found a shimmering altar of Xom.
  1833 | D:3      | Reached skill level 1 in Dodging
  1854 | D:3      | Reached XP level 5. HP: 26/47 MP: 5/5
  2185 | D:3      | Slain by an adder

Skill      XL: |  1  2  3  4 |
---------------+-------------+-----
Fighting       | 4 |  4.4
Axes           | 3 |  3.7
Armour         | 4 |  4.1
Shields        | 4 |  4.1
Dodging        | 1 |  1.1
Maces & Flails | |  0.4

Action                   |  1- 3 |  4- 6 || total
-------------------------+-------+-------++-------
Melee: War axe           |    61 |     5 ||    66
       Flail             |       |   279 ||   279
  Use: Scroll            |       |     7 ||     7
  Eat: Bread ration      |       |     1 ||     1
Armor: Scale mail        |    18 |    97 ||   115
Dodge: Dodged            |    16 |    64 ||    80
Block: Shield            |    34 |   101 ||   135
